 Dungeon Crawl Stone Soup version 0.31-a0-1074-g0b22e4e0f1 (webtiles) character file.

Game seed: 12162577951590984344

78 lunkers the Insei (level 4, -3/35 HPs)
             Began as a Meteoran Shapeshifter on Nov 30, 2023.
             Was a Follower of Lugonu.
             Slain by a gnoll
             ... wielding a +0 flail
              (8 damage)
             ... on level 2 of the Dungeon.
             The game lasted 00:01:31 (817 turns).

lunkers the Insei (Meteoran Shapeshifter)            Turns: 817, Time: 00:01:31

Health: -3/35      AC:  2    Str: 15    XL:     4   Next: 93%
Magic:  5/5        EV: 12    Int: 11    God:    Lugonu [*.....]
Gold:   47         SH:  0    Dex: 16    Spells: 3/3 levels left

rFire   . .          .
                       - Unarmed
rCold   + . .        (no shield)
rNeg    . . .        a - +0 animal skin
rPois   .            (helmet currently unavailable)
rElec   .            (cloak currently unavailable)
rCorr   .            (gloves currently unavailable)
SInv    .            (boots currently unavailable)
Will    .....        (no amulet)
Stlth   +            f - ring of protection from cold
HPRegen 0.25/turn    (no ring)
MPRegen 0.09/turn

%: no passive effects
@: beast-form, glowing
A: beast (slay +2), sense surroundings 1, otherworldly, glowing, explore regen
a: Begin Untransformation, Renounce Religion, Depart the Abyss


You were on level 2 of the Dungeon.
You worshipped Lugonu.
Lugonu was aware of your devotion.
You were a hulking beast.
You visited 1 branch of the dungeon, and saw 2 of its levels.

You collected 47 gold pieces.

Inventory:

Armour
 a - a +0 animal skin (worn)
 p - a +0 pair of gloves
Jewellery
 f - a ring of protection from cold (left hand)
Talismans
 c - a beast talisman
 d - a flux talisman
Scrolls
 h - 2 scrolls of fear {unknown}
 i - a scroll of blinking {unknown}
 k - a scroll of noise {unknown}
 o - a scroll of identify {unknown}
Potions
 b - a potion of lignification
 e - a potion of heal wounds {unknown}
 g - 2 potions of resistance {unknown}
 j - a potion of curing {unknown}
 l - a potion of mutation {unknown}
 m - a potion of ambrosia {unknown}
 n - a potion of brilliance {unknown}


   Skills:
 - Level 1.1 Fighting
 - Level 2.1 Dodging
 * Level 5.4 Unarmed Combat
 + Level 4.4 Shapeshifting


You had 3 spell levels left.
You didn't know any spells.
Your spell library contained the following spells:

 Spells                   Type           Power      Damage    Failure   Level
 Dazzling Flash           Conj/Hex       0%         N/A       71%         3
 Agony                    Necr           0%         N/A       100%        5
 Silence                  Hex/Air        0%         N/A       100%        5


Dungeon Overview and Level Annotations

Branches:
Dungeon (2/15) Zot: 391

Altars:
Lugonu

Shops:
D:2 (


Innate Abilities, Weirdness & Mutations

You are a hulking beast.
Your limbs bulge with bestial killing power. (Slay +2)
You passively map a small area around you.
You are easily found by Zot.
You glow in the dark.
You regain HP and MP as you explore.


Message History

There is an open door here.
Found a stone staircase leading up.
No target in view!
No target in view!
There is a stone staircase leading down here.
There is a stone staircase leading down here.
Things that are here:
a +0 dagger; a goblin corpse A kobold comes into view.
It is wielding a +0 dagger.
The kobold shouts!
You hear a shout! x2
A gnoll and a quokka come into view.
The gnoll shouts!
A gnoll comes into view. It is wielding a +0 halberd.
The quokka twitches its whiskers.
The gnoll shouts!
A gnoll comes into view. It is wielding a +0 whip.
The quokka closely misses you.
You closely miss the quokka. The quokka barely misses you.
You barely miss the kobold. The quokka bites you. The kobold barely misses you.
You hit the kobold.
You kill the kobold!
Lugonu accepts your kill. The quokka bites you.
You punch the gnoll!
The gnoll is severely wounded.
The quokka bites you. The gnoll closely misses you. x2
A gnoll comes into view. It is wielding a +0 club.
You hit the gnoll.
The gnoll is almost dead.
The quokka bites you. The gnoll barely misses you.
The gnoll hits you with a +0 flail!
* * * LOW HITPOINT WARNING * * *
Found a stone staircase leading down.
The quokka closely misses you.
The gnoll hits you from afar with a +0 halberd.
* * * LOW HITPOINT WARNING * * *
The gnoll barely misses you. The gnoll hits you with a +0 whip!
* * * LOW HITPOINT WARNING * * *
The quokka closely misses you. The gnoll attacks as it pursues you!
The gnoll hits you with a +0 flail!
You die...

* , ,* .
#######################
,..#......................
>..g...g................)
##..g).######.........# *
.##...gr##...'.........# ,
........h##)###.........#
*+#######.##.#.+.........#
#.##.#.#.........# *
#.##.#.....<#'#'## * ,
*#.##.########.#.## , *
,...#.......)..#... *
,,...############### ,
...+ ,, , , *


You could see 4 gnolls and a quokka.

Vanquished Creatures
  3 gnolls (D:2)
  A worm (D:2)
  A dart slug (D:1)
  2 giant cockroaches
  7 goblins
  2 hobgoblins
  8 jackals (D:1)
  A quokka (D:1)
  4 ball pythons (D:1)
  4 bats
  4 frilled lizards (D:1)
  6 kobolds
  2 rats (D:1)
45 creatures vanquished.

Notes
Turn   | Place    | Note
-------+----------+-------------------------------------------
     0 | D:1      | lunkers the Meteoran Shapeshifter began the quest for the
                  | Orb.
     0 | D:1      | Reached XP level 1. HP: 16/16 MP: 2/2
    37 | D:1      | Reached XP level 2. HP: 23/23 MP: 3/3
    39 | D:1      | Reached skill level 4 in Unarmed Combat
   193 | D:1      | Reached XP level 3. HP: 28/28 MP: 4/4
   304 | D:1      | Found a faded altar of an unknown god.
   335 | D:1      | Prayed at the altar of an unknown god.
   335 | D:1      | Became a worshipper of Lugonu the Unformed
   335 | D:1      | Reached * piety under Lugonu
   555 | D:2      | Found Jemosm's Weapon Boutique.
   558 | D:2      | Reached XP level 4. HP: 35/35 MP: 5/5
   567 | D:2      | Identified the +6 whip "Odoojaso" {heavy, Fragile Str+3
                  | Dex+3 SInv}
   615 | D:2      | Reached skill level 5 in Unarmed Combat
   817 | D:2      | Slain by a gnoll

Illustrated notes

Levels and vault maps discovered:
D:1:      minmay_arrival_four_circles, layout_basic,
          nicolae_ecumenical_snake_handling, minmay_crystal_room
D:2:      layout_basic, serial_shops,
          nicolae_shop_temple_entry_statues_fountains

Skill      XL: |  1  2  3  4 |
---------------+-------------+-----
Unarmed Combat | 4 5 |  5.4
Shapeshifting  | 4 |  4.4
Fighting       | |  1.1
Dodging        | |  2.1

Action                     |  1- 3 |  4- 6 || total
---------------------------+-------+-------++-------
  Melee: Unarmed           |    81 |    27 ||   108
         Punch             |       |     1 ||     1
 Armour: Animal skin       |    46 |    17 ||    63
  Dodge: Dodged            |    40 |    18 ||    58

Table legend: (Time is in decaauts)
 A = Elapsed time spent in this place.
 B = Non-inter-level travel time spent in this place.
 C = Inter-level travel time spent in this place.
 D = Time resting spent in this place.
 E = Time spent auto-exploring this place.
 F = Levels seen in this place.
 G = Mean time per level.
                   A        B        C        D        E       F      G
               +--------+--------+--------+--------+--------+-----+--------+
         Total |    807 |    793 |     14 |      0 |    536 |   2 |  403.5 |
       Dungeon |    807 |    793 |     14 |      0 |    536 |   2 |  403.5 |
               +--------+--------+--------+--------+--------+-----+--------+

Top non-repeatable levels by time:
     D:1: 456 daAuts
     D:2: 350 daAuts
